Map: [ESL] Goldenaura

Players

MaNa

  • Race: Protoss Protoss
  • Spawn Location: 12:00

Reynor - Winner!

  • Race: Zerg Zerg
  • Spawn Location: 5:00

Event: ESL SC2 Masters 2024 Spring (Regional)

VOD

Have the link to the VOD?

Description

Time

  • Played on: April 26, 2024, 10:01 a.m.
  • Length: 11:21

All games in this series

Show
View Real Time Build Order
Export as new Build Order

MaNa Protoss 

Build Orders: 1 Gate Expand, Oracle Opening 

Get SALT Encoding   

  12  0:00  Probe  
  13  0:12  Probe  
  14  0:20  Pylon  
  14  0:24  Probe  
  15  0:39  Probe (Chrono Boost)  
  16  0:43  Gateway  
  16  0:47  Probe (Chrono Boost)  
  17  0:51  Assimilator  
  17  0:53  Probe (Chrono Boost)  
  18  1:05  Probe (Chrono Boost)  
  19  1:14  Probe (Chrono Boost)  
  20  1:19  Probe  
  21  1:32  Nexus  
  21  1:41  Cybernetics Core  
  21  1:48  Assimilator  
  21  1:53  Pylon  
  21  1:56  Probe  
  22  2:08  Probe (Chrono Boost)  
  23  2:18  Stargate, Adept (Chrono Boost)  
  23  2:20  Probe (Chrono Boost)  
  26  2:28  Warp Gate  
  26  2:29  Probe (Chrono Boost)  
  27  2:35  Probe  
  28  2:45  Adept (Chrono Boost)  
  28  2:47  Probe  
  28  2:49  Probe  
  31  2:59  Probe  
  31  3:01  Probe  
  31  3:05  Void Ray (Chrono Boost)  
  37  3:11  Probe  
  38  3:13  Probe  
  39  3:23  Probe  
  39  3:25  Probe  
  41  3:35  Nexus  
  41  3:37  Oracle (Chrono Boost)  
  44  3:42  Pylon  
  44  3:44  Probe  
  43  3:52  Gateway  
  43  3:53  Probe  
  44  3:56  Probe  
  44  4:02  Assimilator  
  45  4:05  Assimilator, Probe  
  45  4:07  Oracle (Chrono Boost)  
  45  4:08  Probe  
  50  4:17  Probe, Adept  
  50  4:20  Probe  
  50  4:22  Twilight Council  
  54  4:27  Forge  
  54  4:44  Pylon  
  54  4:46  Probe (Chrono Boost)  
  54  4:47  Pylon, Probe (Chrono Boost)  
  54  4:52  Probe (Chrono Boost), Gateway  
  57  4:54  Gateway  
  57  4:56  Probe x2 (Chrono Boost)  
  59  5:00  Adept  
  59  5:03  Probe, Adept  
  59  5:05  Probe  
  65  5:07  Protoss Ground Weapons Level 1 (Chrono Boost)  
  65  5:09  Blink, Probe  
  66  5:15  Probe  
  67  5:23  Probe (Chrono Boost)  
  68  5:30  Probe (Chrono Boost)  
  68  5:32  Stalker x2  
  68  5:34  Probe (Chrono Boost)  
  75  5:39  Probe x2 (Chrono Boost)  
  77  5:42  Probe (Chrono Boost)  
  77  5:44  Probe (Chrono Boost)  
  77  5:46  Probe  
  75  5:51  Stalker x2  
  75  5:53  Probe  
  75  5:56  Probe  
  79  5:58  Probe  
  79  6:01  Stalker x2  
  79  6:02  Oracle  
  85  6:05  Pylon  
  85  6:08  Shield Battery  
  85  6:09  Assimilator  
  85  6:12  Assimilator  
  85  6:18  Templar Archives  
  85  6:23  Probe x3  
  88  6:26  Stalker x2  
  92  6:32  Pylon  
  92  6:35  Probe, Gateway  
  92  6:39  Pylon  
  93  6:50  Probe x2  
  93  6:52  Stalker x3  
  93  6:53  Psionic Storm  
  101  6:56  Nexus  
  101  6:59  Pylon  
  102  7:10  Protoss Ground Weapons Level 2 (Chrono Boost)  
  102  7:11  High Templar  
  103  7:15  Pylon  
  103  7:17  Pylon, High Templar x2  
  103  7:22  Photon Cannon, Gateway  
  107  7:25  Gateway  
  107  7:27  Shield Battery  
  107  7:31  Probe x2  
  107  7:36  High Templar x2  
  113  7:38  Robotics Facility  
  113  7:39  Photon Cannon  
  113  7:45  Stalker  
  115  7:55  Shield Battery  
  113  8:01  Stalker x2  
  111  8:10  Stalker x3  
  111  8:11  Probe  
  113  8:14  Probe  
  113  8:16  Charge  
  114  8:20  Robotics Facility  
  114  8:22  Robotics Facility  
  114  8:26  Stalker x3  
  120  8:35  Pylon, Immortal  
  120  8:38  Pylon x2  
  120  8:39  Pylon  
  123  8:44  Pylon  
  121  8:50  Stalker x2  
  122  9:08  Immortal  
  122  9:09  Immortal  
  129  9:14  Immortal  
  133  9:18  High Templar x2  
  133  9:22  High Templar  
  139  9:24  Nexus  
  139  9:26  Pylon  
  139  9:30  Pylon  
  139  9:31  Zealot  
  139  9:32  Zealot x3  
  139  9:35  Probe x2  
  149  9:44  Observer (Chrono Boost)  
  149  9:46  Photon Cannon  
  149  9:47  Warp Prism (Chrono Boost)  
  149  9:50  Immortal (Chrono Boost)  
  152  9:55  Sentry  
  152  9:56  Sentry  
  160  10:02  Observer (Chrono Boost)  
  160  10:05  Pylon  
  161  10:07  Photon Cannon  
  161  10:09  Zealot x2  
  161  10:24  Stalker x5  
  161  10:45  Zealot  
  152  10:51  Observer  
  152  10:52  Zealot  
  152  10:53  Zealot x3  
  140  11:11  Archon  
Show
View Real Time Build Order
Export as new Build Order

Reynor Zerg - Winner!

Build Orders: Hatch First, Lurkers, Roach Hydra 

Get SALT Encoding   

  12  0:00  Drone  
  13  0:12  Overlord  
  13  0:17  Drone  
  14  0:30  Drone x2  
  16  0:48  Hatchery  
  15  0:52  Drone  
  15  0:55  Drone  
  17  0:59  Drone  
  18  1:10  Extractor  
  17  1:14  Spawning Pool  
  17  1:18  Drone  
  17  1:22  Drone  
  18  1:28  Drone  
  19  1:39  Drone  
  20  1:49  Overlord  
  20  2:01  Queen x2  
  20  2:02  Drone x2  
  26  2:11  Zergling x2  
  26  2:12  Zergling x2  
  26  2:13  Metabolic Boost  
  28  2:21  Drone  
  28  2:22  Drone  
  30  2:32  Drone  
  30  2:33  Drone  
  32  2:45  Hatchery  
  32  2:46  Overlord  
  32  2:47  Drone  
  32  2:53  Queen  
  32  2:56  Zergling x2  
  35  3:00  Zergling x2  
  36  3:06  Queen  
  36  3:09  Overlord  
  38  3:14  Drone x3  
  38  3:16  Drone  
  38  3:19  Drone  
  43  3:25  Spore Crawler  
  43  3:28  Drone x2  
  43  3:29  Queen  
  43  3:32  Overlord  
  47  3:39  Drone  
  48  3:43  Drone, Queen  
  48  3:46  Drone  
  52  3:48  Overlord  
  52  3:52  Drone x2  
  54  3:56  Overlord  
  54  4:00  Queen  
  54  4:01  Drone  
  57  4:05  Spore Crawler  
  57  4:06  Drone  
  57  4:07  Drone  
  58  4:10  Drone  
  58  4:11  Drone  
  58  4:12  Drone  
  58  4:15  Drone x2  
  58  4:17  Drone  
  64  4:18  Drone  
  64  4:19  Drone  
  64  4:21  Drone  
  64  4:23  Zergling x2  
  68  4:26  Overlord  
  68  4:29  Zergling x2  
  69  4:32  Roach Warren  
  69  4:38  Drone x4  
  70  4:41  Drone x2  
  72  4:48  Drone  
  72  4:51  Drone  
  72  4:52  Evolution Chamber, Drone  
  74  4:56  Lair  
  74  4:57  Hatchery  
  74  4:59  Drone x2  
  75  5:00  Drone  
  75  5:03  Spore Crawler, Drone  
  75  5:04  Drone  
  75  5:06  Drone x2  
  78  5:08  Overlord  
  78  5:13  Extractor, Drone x2  
  79  5:14  Extractor x2  
  79  5:15  Drone x2  
  79  5:18  Zerg Missile Weapons Level 1  
  79  5:19  Overlord  
  79  5:20  Zergling x2  
  80  5:21  Zergling x2  
  80  5:26  Overlord  
  81  5:32  Zergling x4  
  81  5:33  Overlord  
  81  5:34  Drone x4  
  87  5:36  Overlord  
  87  5:37  Extractor x2  
  84  5:43  Overlord  
  84  5:45  Drone  
  84  5:47  Drone  
  84  5:49  Drone x4  
  87  5:52  Overlord  
  86  6:01  Drone  
  86  6:04  Drone x4  
  87  6:08  Roach x3  
  87  6:11  Roach, Glial Reconstitution  
  96  6:17  Overlord  
  97  6:18  Roach x2  
  97  6:19  Roach x2  
  101  6:26  Drone x4  
  101  6:27  Hydralisk Den, Drone x2  
  101  6:32  Roach, Zergling x6  
  111  6:38  Drone  
  111  6:39  Spore Crawler  
  111  6:42  Zergling x8  
  111  6:44  Overlord, Extractor  
  114  6:51  Overlord  
  114  6:56  Grooved Spines  
  114  6:57  Hydralisk x2  
  114  6:58  Hydralisk x4  
  114  7:01  Roach, Zergling x2  
  128  7:13  Hydralisk x2  
  128  7:15  Roach x6  
  144  7:16  Overlord  
  144  7:18  Overlord  
  144  7:22  Roach x3  
  150  7:26  Roach x2  
  154  7:32  Roach x4  
  154  7:33  Roach  
  163  7:38  Roach x3  
  163  7:43  Hydralisk x3  
  175  7:50  Roach x4  
  183  7:53  Muscular Augments  
  183  7:55  Zergling x2  
  183  7:58  Hydralisk  
  180  7:59  Zergling x6  
  180  8:03  Hydralisk x2  
  180  8:04  Hydralisk  
  182  8:09  Drone  
  182  8:11  Infestation Pit  
  175  8:13  Zerg Missile Weapons Level 2  
  175  8:14  Drone  
  175  8:15  Drone x3  
  171  8:27  Hydralisk x3  
  171  8:31  Drone x6  
  171  8:32  Drone  
  179  8:34  Extractor  
  179  8:38  Hydralisk  
  179  8:39  Hydralisk x2  
  180  8:45  Overlord  
  180  8:46  Overlord  
  180  8:47  Overlord  
  174  8:49  Hive  
  174  8:51  Lurker Den  
  174  8:55  Lurker Den  
  172  8:56  Hydralisk x3  
  172  9:01  Overlord  
  172  9:06  Drone x3  
  168  9:12  Drone x2  
  169  9:28  Drone x2  
  169  9:29  Spore Crawler  
  170  9:32  Hatchery  
  170  9:35  Overseer  
  170  9:36  Overlord  
  169  9:52  Lurker x11  
  180  10:01  Adaptive Talons, Seismic Spines  
  180  10:03  Zergling x18  
  180  10:04  Zergling x20  
  199  10:27  Hydralisk  
  200  10:33  Overlord  
  192  10:39  Hydralisk x7  
  189  10:43  Hydralisk x2  
  189  10:44  Zergling x34  
  189  10:49  Hydralisk x3  
  182  10:54  Hydralisk  
  137  11:18  Lurker x2  
  137  11:19  Lurker x3  
Tags
 
Add a new tag
Caveats
  • Supply blocks, unpowered buildings, or Contaminate may cause inaccurate times.
  • Supply counts are checked every 10 seconds.